 Dungeon Crawl Stone Soup version 0.29-a0-961-gfab03dca74 (webtiles) character file.

Game seed: 9142533351268352033

229 Elmgren the Cudgeller (level 5, 0/48 HPs)
             Began as a Minotaur Berserker on July 30, 2022.
             Was a Believer of Trog.
             Slain by a kobold
             ... wielding a +0 short sword
              (2 damage)
             ... on level 4 of the Dungeon.
             The game lasted 00:08:25 (4904 turns).

Elmgren the Cudgeller (Minotaur Berserker)          Turns: 4904, Time: 00:08:25

Health: 0/48       AC:  9    Str: 24    XL:     5   Next: 71%
Magic:  4/4        EV:  9    Int:  4    God:    Trog [**....]
Gold:   189        SH:  0    Dex:  9    Spells: 4/4 levels left

rFire   . . .      SeeInvis +   a - +0 mace
rCold   . . .      Faith    .   (no shield)
rNeg    . . .      Spirit   .   c - +0 chain mail
rPois   .          Reflect  .   (helmet restricted)
rElec   .          Harm     .   (no cloak)
rCorr   .          Rampage  .   (no gloves)
Will    .....                   (no boots)
Stlth   ..........              (no amulet)
HPRegen 0.16/turn               i - ring of see invisible
MPRegen 0.09/turn               (no ring)

@: mighty, lethally poisoned (0 -> -4)
A: horns 2, retaliatory headbutt
a: Renounce Religion, Berserk, Trog's Hand


You were on level 4 of the Dungeon.
You worshipped Trog.
Trog was pleased with you.
You visited 1 branch of the dungeon, and saw 4 of its levels.

You collected 189 gold pieces.

Inventory:

Hand Weapons
 a - a +0 mace (weapon)
 d - a +1 dagger of venom
Armour
 c - a +0 chain mail (worn)
Jewellery
 i - a ring of see invisible (left hand)
 j - a +6 ring of intelligence
Wands
 e - a wand of polymorph (7)
 h - a wand of paralysis (7)
Potions
 b - a potion of might
 g - 3 potions of lignification


   Skills:
 + Level 5.0 Fighting
 + Level 5.0 Maces & Flails
 + Level 4.1 Armour
 + Level 3.7 Dodging


You had 4 spell levels left.
You didn't know any spells.
Your spell library was empty.

Dungeon Overview and Level Annotations

Branches:
Dungeon (4/15) Zot: 19059
 Temple: D:4-7

Altars:

Shops:
D:4 (


Innate Abilities, Weirdness & Mutations

You have a pair of horns on your head.
You reflexively headbutt those who attack you in melee.


Message History

You sock the scorpion!
The scorpion is heavily wounded.
You feel very sick. The scorpion stings you.
You barely miss the scorpion.
The scorpion is heavily wounded.
You feel very sick. The scorpion stings you.
You hit the scorpion but do no damage.
The scorpion is heavily wounded.
You feel very sick. The scorpion stings you.
You are lethally poisoned!
The scorpion poisons you! The scorpion barely misses you.
You furiously retaliate!
You headbutt the scorpion!
You kill the scorpion!
Trog accepts your kill.
Your Fighting skill increases to level 5!
Your Maces & Flails skill increases to level 5!
Your Armour skill increases to level 4!
You feel very mighty all of a sudden.
You feel very sick.
You barely miss the kobold. Your headbutt misses the kobold.
* * * LOW HITPOINT WARNING * * *
You feel very sick.
The kobold hits you but does no damage. x2
You closely miss the kobold. Your headbutt misses the kobold.
* * * LOW HITPOINT WARNING * * *
You feel very sick. The kobold hits you but does no damage.
You hit the kobold.
The kobold is heavily wounded.
* * * LOW HITPOINT WARNING * * *
You feel sick. The kobold hits you but does no damage.
You barely miss the kobold.
The kobold is heavily wounded.
* * * LOW HITPOINT WARNING * * *
You feel sick.
The kobold hits you with a +0 short sword.
You die...

#.........###.####
#.# # ######.####
#.# ..# #.# #.#
### #.# #.# ##.##
#.# ###...#####.#
#..........)#
#.#.#.####..###
#..###......@.#
#.#.#.####..#K#
#.##........#.#
#.###.####.##.#
#.# #.# #.# .# #.#
#.# #<# .#
#.###.####.# .#
#..........# .#
####..######


You could see a kobold.

Vanquished Creatures
  A necrophage (D:3)
  A scorpion (D:4)
  4 adders
  4 dart slugs
  7 orcs
  6 ball pythons
  6 endoplasms
  A giant cockroach (D:1)
  4 goblins
  5 hobgoblins
  4 jackals (D:3)
  2 quokkas
  3 bats
  A frilled lizard (D:3)
  3 kobolds
  5 rats
57 creatures vanquished.

Notes
Turn   | Place    | Note
-------+----------+-------------------------------------------
     0 | D:1      | Elmgren the Minotaur Berserker began the quest for the Orb.
     0 | D:1      | Reached XP level 1. HP: 19/19 MP: 0/0
  1601 | D:1      | Reached XP level 2. HP: 27/27 MP: 1/1
  2063 | D:1      | Found a faded altar of an unknown god.
  2912 | D:2      | Reached XP level 3. HP: 31/33 MP: 2/2
  3928 | D:3      | Reached ** piety under Trog
  4111 | D:3      | Reached XP level 4. HP: 39/41 MP: 3/3
  4678 | D:4      | Found Uhaerch's Weapon Shoppe.
  4715 | D:4      | Noticed a necrophage
  4737 | D:3      | Killed a necrophage
  4738 | D:3      | Reached XP level 5. HP: 47/47 MP: 4/4
  4900 | D:4      | Reached skill level 5 in Fighting
  4900 | D:4      | Reached skill level 5 in Maces & Flails
  4904 | D:4      | HP: 2/48 [poisoned by a scorpion]
  4904 | D:4      | Slain by a kobold

Illustrated notes

Levels and vault maps discovered:
D:1:      saegor_arrival_simple_a, layout_basic,
          hellmonk_ecumenical_altar_defaced_shrine
D:2:      layout_basic, skrybe_limestone_x, nicolae_underground_beach
D:3:      layout_rooms, chequers_decorated_corner
D:4:      layout_loops_ring, kennysheep_mini, serial_shops,
          nicolae_shop_bloodbath_and_beyond, uniq_menkaure

Skill      XL: |  1  2  3  4  5 |
---------------+----------------+-----
Fighting       | 4 5 |  5.0
Maces & Flails | 4 5 |  5.0
Armour         | 3 4 |  4.1
Dodging        | 3 |  3.7

Action                   |  1- 3 |  4- 6 || total
-------------------------+-------+-------++-------
Melee: Mace              |    80 |    54 ||   134
       Headbutt          |    14 |     7 ||    21
       Punch             |     1 |     1 ||     2
Invok: Berserk           |       |     1 ||     1
  Use: Potion            |     1 |     1 ||     2
       Scroll            |     1 |     1 ||     2
Armor: Chain mail        |    40 |    26 ||    66
Dodge: Dodged            |    31 |    25 ||    56

Table legend: (Time is in decaauts)
 A = Elapsed time spent in this place.
 B = Non-inter-level travel time spent in this place.
 C = Inter-level travel time spent in this place.
 D = Time resting spent in this place.
 E = Time spent auto-exploring this place.
 F = Levels seen in this place.
 G = Mean time per level.
                   A        B        C        D        E       F      G
               +--------+--------+--------+--------+--------+-----+--------+
         Total |   4939 |   4763 |    176 |   2052 |   2195 |   4 | 1234.8 |
       Dungeon |   4939 |   4763 |    176 |   2052 |   2195 |   4 | 1234.8 |
               +--------+--------+--------+--------+--------+-----+--------+

Top non-repeatable levels by time:
     D:1: 2680 daAuts
     D:2: 1249 daAuts
     D:3: 774 daAuts
     D:4: 235 daAuts
